[ AOE2 MATCH · #463515938 ]
1v1 RMMongols vs Bengalis
Player's team · WIN
Rival team · LOSS
[ REPLAY ANALYSIS · EXTRACTED FROM THE RECORDED GAME ]
Feudal
9:08
Castle
21:10
Imperial
—
| APM avg | 26.8 |
| APM peak | 66 |
| eAPM avg | 11.9 |
| Villagers / military | 51 / 34 |
Focus
⚔️ 16.7% · 🌾 83.3%
Camel Scout ×15 · Steppe Lancer ×11 · Scout Cavalry ×5 · Skirmisher ×2 · Mangonel ×1
Feudal
—
Castle
—
Imperial
—
| APM avg | 46.2 |
| APM peak | 98 |
| eAPM avg | 24.0 |
| Villagers / military | 44 / 24 |
Focus
⚔️ 35.7% · 🌾 64.3%
Ratha (Ranged) ×24
Match map
Initial resources + every placement click. Lines = walls · curves = elevation contours. ◆ gold · ⬟ stone · ● berries · ✦ relic · ◌ wall gap
Inputs per minute
— | ArCas | Agi_alex - - Legasov19867338
Build order — | ArCas | Agi_alex
First 150 of 151 actions detected
| 0:00 | Create | Villager (Male) |
| 0:01 | Create | Villager (Male) |
| 0:01 | Create | Villager (Male) |
| 0:02 | Build | House |
| 0:04 | Build | House |
| 0:23 | Create | Villager (Male) |
| 0:23 | Create | Villager (Male) |
| 1:38 | Create | Villager (Male) |
| 1:38 | Create | Villager (Male) |
| 1:56 | Create | Villager (Male) |
| 1:56 | Create | Villager (Male) |
| 2:20 | Build | Lumber Camp |
| 2:24 | Create | Villager (Male) |
| 3:24 | Create | Villager (Male) |
| 3:24 | Create | Villager (Male) |
| 4:02 | Create | Villager (Male) |
| 4:02 | Create | Villager (Male) |
| 4:02 | Create | Villager (Male) |
| 4:41 | Build | House |
| 5:00 | Create | Villager (Male) |
| 5:26 | Create | Villager (Male) |
| 5:42 | Create | Villager (Male) |
| 5:58 | Build | Mill |
| 6:27 | Create | Villager (Male) |
| 6:58 | Research | Feudal Age |
| 7:30 | Build | Barracks |
| 8:01 | Research | Loom |
| 8:03 | Create | Villager (Male) |
| 8:21 | Build | House |
| 8:47 | Create | Villager (Male) |
| 9:08 | Age | Feudal Age |
| 9:10 | Build | Stable |
| 9:40 | Research | Double-Bit Axe |
| 9:51 | Create | Scout Cavalry ×4 |
| 10:16 | Build | Palisade Gate |
| 10:24 | Build | House |
| 10:27 | Create | Villager (Male) |
| 10:30 | Create | Villager (Male) |
| 10:34 | Research | Horse Collar |
| 11:35 | Create | Villager (Male) |
| 11:36 | Create | Villager (Male) |
| 11:37 | Create | Villager (Male) |
| 11:41 | Build | Mining Camp |
| 12:13 | Create | Villager (Male) |
| 12:21 | Build | Farm |
| 12:28 | Build | Farm |
| 12:28 | Build | Farm |
| 12:35 | Build | Market |
| 12:45 | Build | House |
| 12:47 | Build | House |
| 12:53 | Build | Palisade Wall |
| 12:54 | Build | Palisade Wall |
| 12:58 | Create | Villager (Male) |
| 12:58 | Create | Villager (Male) |
| 13:01 | Build | Farm |
| 13:20 | Research | Wheelbarrow |
| 13:25 | Build | House |
| 13:34 | Build | Palisade Wall |
| 13:57 | Create | Villager (Male) |
| 14:22 | Create | Villager (Male) |
| 14:26 | Build | Farm |
| 14:27 | Build | Farm |
| 14:28 | Build | Farm |
| 14:31 | Build | Farm |
| 14:31 | Build | Farm |
| 14:32 | Build | Farm |
| 14:33 | Create | Villager (Male) |
| 15:07 | Create | Villager (Male) |
| 15:16 | Build | House |
| 15:26 | Build | Palisade Wall |
| 15:34 | Build | House |
| 15:35 | Create | Villager (Male) |
| 15:57 | Create | Villager (Male) |
| 16:02 | Build | Farm |
| 16:03 | Build | Farm |
| 16:34 | Build | Farm |
| 16:35 | Build | Farm |
| 16:36 | Create | Villager (Male) |
| 17:23 | Build | House |
| 17:27 | Build | Farm |
| 17:29 | Create | Villager (Male) |
| 17:37 | Build | House |
| 17:39 | Build | House |
| 17:45 | Build | Farm |
| 17:50 | Build | Farm |
| 17:51 | Build | Farm |
| 17:59 | Build | Archery Range |
| 18:02 | Build | House |
| 18:06 | Build | House |
| 18:16 | Build | Farm |
| 18:22 | Create | Villager (Male) |
| 18:23 | Create | Villager (Male) |
| 18:30 | Research | Castle Age |
| 18:31 | Research | Castle Age |
| 19:51 | Research | Bloodlines |
| 20:04 | Build | Blacksmith |
| 20:09 | Build | House |
| 20:19 | Create | Villager (Male) |
| 20:35 | Build | Lumber Camp |
| 20:47 | Research | Scale Barding Armor |
| 20:50 | Research | Forging |
| 21:10 | Age | Castle Age |
| 21:13 | Create | Steppe Lancer ×5 |
| 21:15 | Research | Husbandry |
| 21:30 | Build | Siege Workshop |
| 21:37 | Create | Steppe Lancer |
| 22:01 | Research | Bow Saw |
| 22:06 | Research | Gold Mining |
| 22:24 | Create | Villager (Male) |
| 22:25 | Create | Villager (Male) |
| 22:53 | Create | Villager (Male) |
| 23:05 | Build | Stable |
| 23:14 | Create | Villager (Male) |
| 23:25 | Create | Villager (Male) |
| 23:31 | Create | Mangonel |
| 24:09 | Create | Steppe Lancer ×3 |
| 24:27 | Create | Steppe Lancer |
| 24:27 | Create | Steppe Lancer |
| 24:41 | Build | House |
| 24:44 | Build | Mining Camp |
| 25:00 | Build | Monastery |
| 25:14 | Research | Iron Casting |
| 25:27 | Create | Villager (Male) |
| 25:35 | Build | Market |
| 26:00 | Create | Scout Cavalry |
| 26:04 | Create | Camel Scout |
| 26:09 | Create | Camel Scout ×2 |
| 26:42 | Create | Camel Scout ×2 |
| 26:42 | Create | Camel Scout ×2 |
| 26:48 | Build | House |
| 26:59 | Build | Mining Camp |
| 27:05 | Build | House |
| 27:07 | Build | House |
| 27:09 | Build | House |
| 27:26 | Create | Camel Scout ×3 |
| 28:12 | Create | Camel Scout ×2 |
| 28:19 | Create | Villager (Male) |
| 28:19 | Create | Villager (Male) |
| 28:21 | Create | Villager (Male) |
| 28:42 | Create | Camel Scout |
| 28:42 | Create | Camel Scout |
| 28:56 | Create | Villager (Male) |
| 29:02 | Build | Town Center |
| 29:15 | Build | Archery Range |
| 29:19 | Build | House |
| 29:23 | Research | Elite Skirmisher (upgrade) |
| 29:24 | Create | Skirmisher |
| 29:24 | Create | Skirmisher |
| 29:30 | Research | Padded Archer Armor |
| 29:39 | Create | Camel Scout |
Build order — Legasov19867338
First 150 of 153 actions detected
| 0:00 | Create | Villager (Male) |
| 0:01 | Create | Villager (Male) |
| 0:01 | Create | Villager (Male) |
| 0:03 | Build | House |
| 0:05 | Build | House |
| 0:36 | Create | Villager (Male) |
| 1:33 | Create | Villager (Male) |
| 2:00 | Build | Lumber Camp |
| 2:03 | Create | Villager (Male) |
| 2:26 | Create | Villager (Male) |
| 3:40 | Create | Villager (Male) |
| 3:43 | Build | House |
| 4:07 | Research | Loom |
| 4:16 | Create | Villager (Male) |
| 4:28 | Create | Villager (Male) |
| 4:55 | Create | Villager (Male) |
| 5:14 | Build | Mill |
| 5:28 | Create | Villager (Male) |
| 5:40 | Create | Villager (Male) |
| 5:57 | Create | Villager (Male) |
| 6:09 | Build | House |
| 6:12 | Build | Palisade Wall |
| 6:35 | Create | Villager (Male) |
| 6:59 | Create | Villager (Male) |
| 7:10 | Create | Villager (Male) |
| 7:19 | Build | Palisade Wall |
| 7:28 | Create | Villager (Male) |
| 7:40 | Build | Palisade Wall |
| 7:53 | Build | Palisade Wall |
| 8:01 | Create | Villager (Male) |
| 8:11 | Build | House |
| 8:14 | Build | Palisade Wall |
| 8:19 | Create | Villager (Male) |
| 8:52 | Build | Palisade Wall |
| 8:58 | Build | Mining Camp |
| 9:07 | Create | Villager (Male) |
| 9:11 | Build | Mining Camp |
| 9:19 | Build | Palisade Wall |
| 9:21 | Build | Palisade Wall |
| 9:24 | Build | Palisade Wall |
| 9:24 | Build | Palisade Wall |
| 9:25 | Build | Palisade Wall |
| 9:50 | Create | Villager (Male) |
| 10:08 | Create | Villager (Male) |
| 10:34 | Build | Farm |
| 10:34 | Build | Farm |
| 10:34 | Build | Farm |
| 10:34 | Build | Farm |
| 10:35 | Build | Farm |
| 10:44 | Build | Farm |
| 11:02 | Research | Feudal Age |
| 12:41 | Build | Palisade Wall |
| 12:41 | Build | Palisade Wall |
| 13:16 | Build | Palisade Wall |
| 13:17 | Build | Palisade Wall |
| 13:21 | Build | Market |
| 13:29 | Build | Blacksmith |
| 14:43 | Build | Farm |
| 14:44 | Build | Farm |
| 14:44 | Build | Farm |
| 14:44 | Build | Farm |
| 15:14 | Research | Castle Age |
| 15:14 | Research | Castle Age |
| 15:14 | Research | Castle Age |
| 15:15 | Research | Castle Age |
| 15:17 | Build | Stone Wall |
| 15:18 | Build | Stone Wall |
| 15:39 | Build | Farm |
| 15:49 | Build | Palisade Wall |
| 15:50 | Build | Palisade Wall |
| 16:02 | Build | Palisade Wall |
| 16:03 | Build | Palisade Wall |
| 16:30 | Research | Double-Bit Axe |
| 16:37 | Research | Gold Mining |
| 16:57 | Build | House |
| 17:09 | Research | Horse Collar |
| 17:27 | Build | Farm |
| 17:43 | Build | House |
| 17:45 | Build | Palisade Wall |
| 18:02 | Build | Castle |
| 18:23 | Research | Fletching |
| 18:40 | Build | Town Center |
| 18:51 | Research | Town Watch |
| 19:07 | Create | Ratha (Ranged) |
| 19:38 | Create | Ratha (Ranged) |
| 19:38 | Create | Ratha (Ranged) |
| 19:38 | Create | Ratha (Ranged) |
| 19:38 | Create | Ratha (Ranged) |
| 20:08 | Create | Ratha (Ranged) |
| 20:26 | Build | House |
| 20:27 | Build | Stone Wall |
| 20:43 | Build | Stone Wall |
| 20:49 | Create | Villager (Male) |
| 20:51 | Create | Ratha (Ranged) |
| 20:53 | Research | Padded Archer Armor |
| 21:01 | Build | Farm |
| 21:01 | Build | Farm |
| 21:02 | Build | Farm |
| 21:02 | Build | Farm |
| 21:12 | Create | Ratha (Ranged) |
| 21:29 | Create | Villager (Male) |
| 21:36 | Build | House |
| 21:41 | Build | Stone Wall |
| 21:42 | Build | Stone Wall |
| 21:46 | Create | Villager (Male) |
| 21:53 | Build | Farm |
| 21:53 | Build | Farm |
| 22:05 | Create | Villager (Male) |
| 22:05 | Create | Villager (Male) |
| 22:23 | Build | Stone Wall |
| 22:23 | Build | Stone Wall |
| 22:30 | Create | Ratha (Ranged) |
| 22:36 | Create | Ratha (Ranged) |
| 22:42 | Research | Forging |
| 22:42 | Create | Villager (Male) |
| 22:43 | Create | Villager (Male) |
| 22:52 | Create | Ratha (Ranged) |
| 22:52 | Create | Ratha (Ranged) |
| 22:56 | Build | Stone Wall |
| 22:56 | Build | Stone Wall |
| 22:57 | Build | Stone Wall |
| 23:11 | Create | Villager (Male) |
| 23:16 | Create | Ratha (Ranged) |
| 23:37 | Research | Leather Archer Armor |
| 23:46 | Create | Ratha (Ranged) |
| 24:13 | Research | Bodkin Arrow |
| 24:33 | Create | Ratha (Ranged) |
| 25:21 | Create | Ratha (Ranged) |
| 25:26 | Build | University |
| 25:43 | Create | Ratha (Ranged) |
| 25:43 | Create | Ratha (Ranged) |
| 25:49 | Create | Ratha (Ranged) |
| 26:01 | Research | Leather Archer Armor |
| 26:01 | Create | Villager (Male) |
| 26:02 | Create | Villager (Male) |
| 26:07 | Create | Ratha (Ranged) |
| 26:22 | Create | Ratha (Ranged) |
| 27:15 | Create | Ratha (Ranged) |
| 27:33 | Research | Ballistics |
| 28:05 | Create | Villager (Male) |
| 28:05 | Create | Villager (Male) |
| 28:07 | Create | Villager (Male) |
| 28:07 | Create | Villager (Male) |
| 28:17 | Create | Villager (Male) |
| 28:17 | Create | Villager (Male) |
| 28:18 | Create | Villager (Male) |
| 28:18 | Create | Villager (Male) |
| 28:43 | Create | Ratha (Ranged) |
| 28:43 | Create | Ratha (Ranged) |
| 29:01 | Create | Villager (Male) |
Match timeline
| 6:12 | Legasov19867338 · wall_segment Palisade Wall x4 |
| 7:19 | Legasov19867338 · wall_segment Palisade Wall x4 |
| 7:30 | | ArCas | Agi_alex · first_building Barracks |
| 7:40 | Legasov19867338 · wall_segment Palisade Wall x6 |
| 7:53 | Legasov19867338 · wall_segment Palisade Wall x16 |
| 8:14 | Legasov19867338 · wall_segment Palisade Wall x3 |
| 8:52 | Legasov19867338 · wall_segment Palisade Wall x1 |
| 9:08 | | ArCas | Agi_alex · age_up feudal |
| 9:10 | | ArCas | Agi_alex · first_building Stable |
| 9:19 | Legasov19867338 · wall_segment Palisade Wall x1 |
| 9:21 | Legasov19867338 · wall_segment Palisade Wall x2 |
| 9:24 | Legasov19867338 · wall_segment Palisade Wall x1 |
| 9:24 | Legasov19867338 · wall_segment Palisade Wall x1 |
| 9:25 | Legasov19867338 · wall_segment Palisade Wall x1 |
| 12:41 | Legasov19867338 · wall_segment Palisade Wall x1 |
| 12:41 | Legasov19867338 · wall_segment Palisade Wall x1 |
| 12:53 | | ArCas | Agi_alex · wall_segment Palisade Wall x1 |
| 12:54 | | ArCas | Agi_alex · wall_segment Palisade Wall x1 |
| 13:16 | Legasov19867338 · wall_segment Palisade Wall x1 |
| 13:17 | Legasov19867338 · wall_segment Palisade Wall x1 |
| 13:34 | | ArCas | Agi_alex · wall_segment Palisade Wall x20 |
| 14:38 | Legasov19867338 · first_market_buy 100 food |
| 15:17 | Legasov19867338 · wall_segment Stone Wall x1 |
| 15:18 | Legasov19867338 · wall_segment Stone Wall x1 |
| 15:26 | | ArCas | Agi_alex · wall_segment Palisade Wall x18 |
| 15:49 | Legasov19867338 · wall_segment Palisade Wall x1 |
| 15:50 | Legasov19867338 · wall_segment Palisade Wall x1 |
| 16:02 | Legasov19867338 · wall_segment Palisade Wall x1 |
| 16:03 | Legasov19867338 · wall_segment Palisade Wall x1 |
| 17:45 | Legasov19867338 · wall_segment Palisade Wall x1 |
| 17:59 | | ArCas | Agi_alex · first_building Archery Range |
| 18:02 | Legasov19867338 · first_building Castle |
| 20:27 | Legasov19867338 · wall_segment Stone Wall x1 |
| 20:43 | Legasov19867338 · wall_segment Stone Wall x1 |
| 21:10 | | ArCas | Agi_alex · age_up castle |
| 21:30 | | ArCas | Agi_alex · first_building Siege Workshop |
| 21:41 | Legasov19867338 · wall_segment Stone Wall x1 |
| 21:42 | Legasov19867338 · wall_segment Stone Wall x1 |
| 22:23 | Legasov19867338 · wall_segment Stone Wall x1 |
| 22:23 | Legasov19867338 · wall_segment Stone Wall x1 |
| 22:56 | Legasov19867338 · wall_segment Stone Wall x1 |
| 22:56 | Legasov19867338 · wall_segment Stone Wall x1 |
| 22:57 | Legasov19867338 · wall_segment Stone Wall x1 |
| 23:19 | Legasov19867338 · first_market_sell 100 stone |
| 25:00 | | ArCas | Agi_alex · first_building Monastery |
| 29:49 | Legasov19867338 · resign |
[ AI ANALYSIS · 1 CREDIT ]
What really happened in this match?
Wolo.gg analyzes every decision: build order, eco, micro, common mistakes by bracket. Personalized analysis on WhatsApp or Discord in 30 seconds.
Civ guide
Mongols
Map guide
Arabia
Perfil
Jugador #14501077